 Dungeon Crawl Stone Soup version 0.27.1 (webtiles) character file.

Game seed: 1779639452437568005

158 chaosape the Covered (level 5, 0/43 HPs)
             Began as a Gnoll Wanderer on Aug 22, 2021.
             Succumbed to a gnoll shaman's poison
             ... on level 3 of the Dungeon.
             The game lasted 00:30:59 (4720 turns).

chaosape the Covered (Gnoll Wanderer)               Turns: 4720, Time: 00:31:00

Health: 0/43       AC:  9    Str: 15    XL:     5   Next: 39%
Magic:  8/9        EV: 10    Int: 10    God:
Gold:   183        SH:  0    Dex: 10    Spells: 9/10 levels left

rFire    . . .     SeeInvis .   a - +2 hand axe
rCold    . . .     Faith    .   (no shield)
rNeg     . . .     Spirit   .   u - +0 ring mail
rPois    .         Reflect  .   (no helmet)
rElec    .         Harm     .   e - +0 cloak
rCorr    .         Rampage  .   n - +0 pair of gloves
Will     +....                  i - +0 pair of boots
Stlth    +.........             L - amulet of the acrobat
HPRegen  0.14/turn              v - ring of willpower
MPRegen  0.11/turn              (no ring)

@: lethally poisoned (0 -> -5), about to teleport
A: fangs 1, strong nose, distributed training
a: no special abilities


You were on level 3 of the Dungeon.
You visited 1 branch of the dungeon, and saw 4 of its levels.

You collected 183 gold pieces.

Inventory:

Hand Weapons
 a - a +2 hand axe (weapon)
 f - a +0 dagger
 g - a +0 short sword
 h - a +0 club
 k - a +0 dagger
 m - a +0 club
 o - a +0 short sword
 p - a +0 flail
 q - a +0 whip
 r - a +0 whip
 t - a +0 short sword
 w - a +0 dagger
 A - a +0 hunting sling
 C - a +0 hunting sling
 D - a +0 whip
 E - a +0 short sword
 F - a +0 dagger
 I - a +0 morningstar
 K - a +0 mace
 M - a +0 club
Missiles
 j - 6 boomerangs
 s - 12 poisoned darts
 x - 30 stones
 H - 48 arrows
Armour
 c - a +0 robe
 d - a +0 leather armour
 e - a +0 cloak (worn)
 i - a +0 pair of boots (worn)
 n - a +0 pair of gloves (worn)
 u - a +0 ring mail (worn)
 G - a +0 robe
 J - a +0 leather armour
 N - a +0 leather armour
Jewellery
 v - a ring of willpower (left hand)
 L - an amulet of the acrobat (around neck)
Scrolls
 b - 2 scrolls of teleportation
 y - a scroll of noise
Potions
 l - a potion of lignification {unknown}
 z - 2 potions of brilliance {unknown}
 B - a potion of berserk rage {unknown}


   Skills:
 + Level 4.8 Fighting
 + Level 1.4 Short Blades
 + Level 1.4 Long Blades
 + Level 3.0 Axes
 + Level 1.4 Maces & Flails
 + Level 1.4 Polearms
 + Level 1.4 Staves
 + Level 1.4 Slings
 + Level 1.4 Bows
 + Level 1.4 Crossbows
 + Level 1.4 Throwing
 + Level 4.8 Armour
 + Level 1.4 Dodging
 + Level 1.4 Stealth
 + Level 3.0 Shields
 + Level 1.4 Unarmed Combat
 + Level 3.1 Spellcasting
 + Level 1.1 Conjurations
 + Level 1.1 Hexes
 + Level 1.1 Summonings
 + Level 1.1 Necromancy
 + Level 1.1 Translocations
 + Level 1.1 Transmutations
 + Level 3.9 Fire Magic
 + Level 1.1 Ice Magic
 + Level 1.1 Air Magic
 + Level 1.1 Earth Magic
 + Level 1.1 Poison Magic
 + Level 1.6 Invocations
 + Level 3.0 Evocations


You had 9 spell levels left.
You knew the following spells:

 Your Spells              Type           Power      Damage    Failure   Level
a - Foxfire               Conj/Fire      24%        2x1d5     19%         1

Your spell library contained the following spells:

 Spells                   Type           Power      Damage    Failure   Level
 Magic Dart               Conj           12%        1d3       32%         1
 Call Imp                 Summ           3%         N/A       43%         2
 Inner Flame              Hex/Fire       6%         N/A       47%         3
 Mephitic Cloud           Conj/Pois/Air  3%         N/A       67%         3


Dungeon Overview and Level Annotations

Branches:
Dungeon (4/15)
 Temple: D:4-7

Altars:
Dithmenos
Kikubaaqudgha

Shops:
D:1 *[

Annotations:
D:2 1 runed translucent door, Crazy Yiuf
D:3 Jessica


Innate Abilities, Weirdness & Mutations

You have very sharp teeth.
Your uncanny sense of smell can sniff out nearby items.
Your experience applies equally to all skills.


Message History

You start waiting.
Done waiting.
You see here an orc skeleton.
There is a stone staircase leading down here.
You can't go up here!
You climb downwards.
The gnoll barely misses you.
There is a stone staircase leading up here.
You closely miss the gnoll. The gnoll hits you with a +0 club!
The gnoll hits you with a +0 club.
The gnoll throws a throwing net.
The throwing net closely misses you.
The throwing net barely misses the gnoll shaman.
You hit the gnoll.
The gnoll is lightly wounded.
The gnoll hits you but does no damage.
Casting: Foxfire (safe; 19% risk of failure)
Confirm with . or Enter, or press ? or * to list all spells.
You conjure some foxfire!
The kobold hits you with a +0 dagger.
The gnoll shaman hits you but does no damage.
You are poisoned.
The gnoll barely misses you. The gnoll misses you.
You feel very sick.
The foxfire hits the gnoll.
The gnoll is moderately wounded.
The foxfire hits the kobold.
The kobold is severely wounded.
The kobold hits you but does no damage.
The gnoll shaman hits you with a +0 whip of venom.
The gnoll hits you with a +0 club!
The gnoll hits you from afar with a +0 spear.
* * * LOW HITPOINT WARNING * * *
The gnoll hits you from afar with a +0 halberd.
* * * LOW HITPOINT WARNING * * *
You climb upwards.
Level annotation: Jessica
* * * LOW HITPOINT WARNING * * *
You feel very sick.
There is a stone staircase leading down here.
As you read the scroll of teleportation, it crumbles to dust.
You feel strangely unstable.
You die...

.# ##...## ##..####.#
##.## #..####.# #.#
#....##.# #.# ##.#.##.#
.# ##'## #.#.##.# .#
##...## #.#.##.# ##
##.....## ###......#
##.......## ##.###.####
###.........####@K.##.#
..'.........'..g.g..#.##
###.........####.......#
##.......## #..###..#
##.....## #.####..#
##...## #.#.....# ##'##
#.#.###.# #.# #.#.# #.#
## ###.# #.#.###.#


You could see a gnoll shaman, a gnoll and a kobold.

Vanquished Creatures
  A jelly (D:4)
  An orc wizard (D:3)
  2 adders (D:3)
  2 gnolls (D:3)
  5 dart slugs
  4 orcs
  4 ball pythons
  3 bats
  8 endoplasms
  4 giant cockroaches
  A hobgoblin (D:2)
  4 quokkas
  5 frilled lizards
  2 goblins (D:1)
  6 kobolds
  3 rats
55 creatures vanquished.

Vanquished Creatures (others)
  52 foxfires
  4 fungi (D:1)
  9 plants (D:1)
65 creatures vanquished.

Grand Total: 120 creatures vanquished

Notes
Turn   | Place    | Note
-------+----------+-------------------------------------------
     0 | D:1      | chaosape the Gnoll Wanderer began the quest for the Orb.
     0 | D:1      | chaosape set off with the following items: a +2 hand axe, a
                  | scroll of teleportation, a +0 robe; and the following spell
                  | memorised: Foxfire; and the following spells available to
                  | memorise: Inner Flame
     0 | D:1      | Reached XP level 1. HP: 20/20 MP: 4/4
   303 | D:1      | Reached XP level 2. HP: 26/26 MP: 5/5
  1156 | D:1      | Found Amosaupu's Armour Emporium.
  1315 | D:1      | Found Extoygeso's General Store.
  1646 | D:2      | Reached XP level 3. HP: 31/31 MP: 4/7
  1794 | D:2      | Noticed Jessica
  2223 | D:3      | Learned a level 1 spell: Magic Dart
  2278 | D:3      | Reached skill level 1 in Invocations
  2352 | D:3      | Found a shadowy altar of Dithmenos.
  2574 | D:3      | Found an ancient bone altar of Kikubaaqudgha.
  2682 | D:3      | Reached skill level 1 in Short Blades
  2682 | D:3      | Reached skill level 1 in Long Blades
  2682 | D:3      | Reached skill level 1 in Maces & Flails
  2682 | D:3      | Reached skill level 1 in Polearms
  2682 | D:3      | Reached skill level 1 in Staves
  2682 | D:3      | Reached skill level 1 in Slings
  2682 | D:3      | Reached skill level 1 in Bows
  2682 | D:3      | Reached skill level 1 in Crossbows
  2682 | D:3      | Reached skill level 1 in Throwing
  2682 | D:3      | Reached skill level 1 in Dodging
  2682 | D:3      | Reached skill level 1 in Stealth
  2682 | D:3      | Reached skill level 1 in Unarmed Combat
  2980 | D:4      | Reached XP level 4. HP: 31/38 MP: 3/8
  3027 | D:3      | Reached skill level 1 in Conjurations
  3027 | D:3      | Reached skill level 1 in Hexes
  3027 | D:3      | Reached skill level 1 in Summonings
  3027 | D:3      | Reached skill level 1 in Necromancy
  3027 | D:3      | Reached skill level 1 in Translocations
  3027 | D:3      | Reached skill level 1 in Transmutations
  3027 | D:3      | Reached skill level 1 in Ice Magic
  3027 | D:3      | Reached skill level 1 in Air Magic
  3027 | D:3      | Reached skill level 1 in Earth Magic
  3027 | D:3      | Reached skill level 1 in Poison Magic
  3537 | D:3      | Reached XP level 5. HP: 25/43 MP: 2/9
  4067 | D:2      | You fall into a shaft and drop 1 floor!
  4304 | D:2      | Found a runed translucent door.
  4305 | D:2      | Noticed Crazy Yiuf
  4719 | D:3      | HP: 1/43 [poisoned by a gnoll shaman]
  4720 | D:3      | Succumbed to a gnoll shaman's poison

Illustrated notes

Levels and vault maps discovered:
D:1:      lordsloth_arrival_two_stooges, layout_loops_ring,
          shapermc_ecumenical_altar_mp_urbaneastern, serial_shops, shop, shop,
          shop, ebering_dispersal_statue_hall, columned_hall_lemuel,
          minmay_split_cup_large
D:2:      layout_loops_ring, minmay_misc_feat_pillars, uniq_crazy_yiuf_cottage,
          uniq_jessica
D:3:      layout_loops_corners, kiku_gazebo_pond_becter,
          mainiacjoe_overflow_brackets
D:4:      layout_layer_cave, grunt_gozag_breadcrumbs,
          mainiacjoe_overflow_catwalk, serial_bayou_pond_c

Skill      XL: |  1  2  3  4  5 |
---------------+----------------+-----
Invocations    | 1 |  1.6
Short Blades   | 1 |  1.4
Long Blades    | 1 |  1.4
Maces & Flails | 1 |  1.4
Polearms       | 1 |  1.4
Staves         | 1 |  1.4
Slings         | 1 |  1.4
Bows           | 1 |  1.4
Crossbows      | 1 |  1.4
Throwing       | 1 |  1.4
Dodging        | 1 |  1.4
Stealth        | 1 |  1.4
Unarmed Combat | 1 |  1.4
Spellcasting   | 3 |  3.1
Conjurations   | 1 |  1.1
Hexes          | 1 |  1.1
Summonings     | 1 |  1.1
Necromancy     | 1 |  1.1
Translocations | 1 |  1.1
Transmutations | 1 |  1.1
Ice Magic      | 1 |  1.1
Air Magic      | 1 |  1.1
Earth Magic    | 1 |  1.1
Poison Magic   | 1 |  1.1
Axes           | 3 |  3.0
Shields        | 3 |  3.0
Evocations     | 3 |  3.0
Fighting       | |  4.8
Armour         | |  4.8
Fire Magic     | |  3.9

Action                   |  1- 3 |  4- 6 || total
-------------------------+-------+-------++-------
Melee: Hand axe          |    85 |    47 ||   132
       Bite              |     4 |     4 ||     8
 Cast: Foxfire           |    20 |    22 ||    42
  Use: Scroll            |     7 |     1 ||     8
       Potion            |     1 |     2 ||     3
Armor: Leather armour    |    30 |       ||    30
       Ring mail         |     9 |    28 ||    37
Dodge: Dodged            |    52 |    55 ||   107
